Newfoundland Shamrocks vs Espoo Blues
Created - Wednesday, March 15, 2023 at 07:33
Goals
|
| Newfoundland Shamrocks |
1 |
1 |
1 |
0 |
0 |
3 |
| Espoo Blues |
1 |
0 |
2 |
0 |
1 |
4 |
|
Shots
|
| Newfoundland Shamrocks |
13 |
7 |
13 |
0 |
3 |
33 |
| Espoo Blues |
12 |
10 |
10 |
2 |
2 |
34 |
|
1st period
1. Espoo Blues , Patric Hornqvist 1 (Michael Stone 3) at 1:58 (PP)
2. Newfoundland Shamrocks , Jon Merrill 1 (Alex Chiasson 4, Nicolas Deslauriers 3) at 10:20 (PP)
Penalties :
Alex Chiasson (NFS) for High sticking (Minor) at 1:21, Logan O'Connor (ESP) for Holding (Minor) at 10:03, Logan O'Connor (ESP) for Hooking (Minor) at 12:03, Mattias Samuelsson (ESP) for Hooking (Minor) at 16:09
2nd period
3. Newfoundland Shamrocks , Sam Poulin 2 (Drew O'Connor 2, Filip Hallander 1) at 10:21
Penalties :
Michael Stone (ESP) for Hooking (Minor) at 4:09, Logan O'Connor (ESP) for Hooking (Minor) at 7:29, Derek Grant (ESP) for Fighting (Major) at 12:16, Parker Kelly (NFS) for Fighting (Major) at 12:16
3rd period
4. Espoo Blues , Anton Blidh 1 (Patric Hornqvist 1) at 1:21
5. Newfoundland Shamrocks , Nicolas Deslauriers 3 (Parker Kelly 1, Alex Chiasson 5) at 1:29
6. Espoo Blues , Stefan Noesen 3 (Derick Brassard 4, Joe Snively 2) at 8:38 (PP)
Penalties :
Sam Poulin (NFS) for Hooking (Minor) at 8:12, Brendan Lemieux (ESP) for Fighting (Major) at 8:45, Parker Kelly (NFS) for Fighting (Major) at 8:45, Stefan Noesen (ESP) for Fighting (Major) at 9:00, Nicolas Deslauriers (NFS) for Fighting (Major) at 9:00, Stefan Noesen (ESP) for instigated a fight (Minor) at 9:00, Stefan Noesen (ESP) for instigated a fight (10 Minutes Misconduct) at 9:00
Overtime #1
No Goal
Penalties :
No Penalty
Shootout
Newfoundland Shamrocks, Alex Chiasson - Shot Misses the Net
Espoo Blues, Stefan Noesen - Goal!
Newfoundland Shamrocks, Max Comtois - Stopped by Spencer Knight
Espoo Blues, Patric Hornqvist - Shot Misses the Net
Newfoundland Shamrocks, Nicolas Deslauriers - Stopped by Spencer Knight
Penalties :
No Penalty
Goalie Stats
Louis Domingue (NFS), 31 saves from 34 shots - (0.912), OTL, 1-1-1, 65:00 minutes
Spencer Knight (ESP), 30 saves from 33 shots - (0.909), W, 2-0-0, 65:00 minutes
Players Stats for Newfoundland Shamrocks
Player Name G A P +/- PIM S H SB GA TA FO MP PP MP PK MP
------------------------------------------------------------------------------------
Alec Regula 0 0 0 1 0 1 2 1 0 0 0/0 30:10 5:44 0:45
Alex Chiasson 0 2 2 1 2 6 3 0 1 0 2/5 26:32 5:19 0:26
Ben Gleason 0 0 0 1 0 0 1 0 0 0 0/0 13:14 0:00 0:00
Drew O'Connor 0 1 1 1 0 5 1 0 2 0 0/1 15:28 0:57 0:00
Dylan Coghlan 0 0 0 -1 0 1 0 1 0 1 0/0 21:54 4:28 0:18
Filip Hallander 0 1 1 1 0 1 1 0 0 0 1/3 12:44 0:13 0:00
Jacob Bernard-Docker 0 0 0 1 0 0 0 0 0 0 0/0 13:19 0:00 0:00
Jon Merrill 1 0 1 1 0 2 3 1 1 2 0/0 30:10 5:44 0:45
Max Comtois 0 0 0 -1 0 4 4 0 1 1 0/0 20:58 4:38 0:47
Nicolas Deslauriers 1 1 2 1 5 2 5 0 3 0 0/1 21:06 4:22 0:16
Parker Kelly 0 1 1 1 10 2 4 0 0 1 9/28 18:16 4:22 0:00
Peter Abbandonato 0 0 0 0 0 0 0 0 0 0 3/5 8:32 1:12 0:00
Raphael Lavoie 0 0 0 0 0 2 2 0 0 1 0/0 7:01 0:13 0:00
Riley Barber 0 0 0 -1 0 4 1 0 1 0 0/0 19:29 4:40 0:16
Sam Poulin 1 0 1 1 2 1 4 0 0 0 1/2 14:31 0:00 0:21
Semyon Der-Arguchintsev 0 0 0 0 0 0 0 0 0 0 0/1 5:15 0:00 0:00
Tanner Laczynski 0 0 0 -1 0 1 2 0 0 1 6/10 18:22 4:40 0:00
Ville Heinola 0 0 0 -1 0 1 2 1 0 1 0/0 21:51 4:28 0:18
Players Stats for Espoo Blues
Player Name G A P +/- PIM S H SB GA TA FO MP PP MP PK MP
------------------------------------------------------------------------------------
Anton Blidh 1 0 1 1 0 5 1 0 0 1 0/0 14:59 0:00 0:40
Brendan Lemieux 0 0 0 -1 5 2 1 0 1 1 0/0 13:08 0:17 0:00
Cam York 0 0 0 0 0 2 1 0 1 1 0/0 23:31 0:09 3:58
Chad Ruhwedel 0 0 0 0 0 2 0 2 1 1 0/0 21:57 0:09 3:55
Derek Grant 0 0 0 -1 5 3 0 0 0 0 13/22 19:33 0:17 5:26
Derick Brassard 0 1 1 0 0 5 3 2 0 0 13/21 22:59 0:46 4:06
Fredrik Karlstrom 0 0 0 1 0 1 5 0 0 0 4/5 13:17 0:00 0:37
Gavin Bayreuther 0 0 0 0 0 0 1 0 0 0 0/0 14:09 0:00 0:34
Joe Snively 0 1 1 0 0 4 2 0 0 1 1/2 21:05 0:46 1:36
Logan O'Connor 0 0 0 0 6 0 1 0 2 1 1/1 19:40 0:00 3:13
Mattias Janmark 0 0 0 0 0 1 0 0 0 0 1/3 10:37 0:00 4:46
Mattias Samuelsson 0 0 0 -1 2 1 0 3 0 1 0/0 28:20 0:54 4:33
Michael Stone 0 1 1 -1 2 2 2 2 1 0 0/0 26:50 0:54 4:37
Patric Hornqvist 1 1 2 1 0 3 1 0 2 0 0/0 13:50 0:17 0:00
Ridly Greig 0 0 0 -1 0 0 1 0 0 0 0/0 7:02 0:00 0:00
Stefan Noesen 1 0 1 -2 17 2 5 1 0 1 1/1 15:42 0:46 0:00
Urho Vaakanainen 0 0 0 0 0 0 0 1 0 1 0/0 15:59 0:00 2:47
Viktor Lodin 0 0 0 -1 0 1 0 0 0 0 0/1 7:02 0:00 0:00
3 Stars
1 - Patric Hornqvist (ESP)
2 - Jon Merrill (NFS)
3 - Anton Blidh (ESP)
Power Play
Newfoundland Shamrocks - 1 on 6 Attempt(s) - 16.67%
Espoo Blues - 2 on 2 Attempt(s) - 100.00%
Penalty Kill
Newfoundland Shamrocks - 0 on 2 Attempt(s) - 0.00%
- Score 0 goal in Penalty Kill
Espoo Blues - 5 on 6 Attempt(s) - 83.33%
- Score 0 goal in Penalty Kill
Team Stat
Newfoundland Shamrocks - Hits : 35 - Faceoff Wins : 22 - Blocked Shots : 4 - Penalty Minutes : 19
Espoo Blues - Hits : 24 - Faceoff Wins : 34 - Blocked Shots : 11 - Penalty Minutes : 37
Official
Referees : Tim Peel and Dave Jackson
Linesman : Pierre Racicot and Don Henderson
Game Notes
Parker Kelly beats up Derek Grant at 12:16 of 2nd period
Brendan Lemieux and Parker Kelly fight to a draw at 8:45 of 3rd period
Nicolas Deslauriers beats up Stefan Noesen at 9:00 of 3rd period
Newfoundland Shamrocks
5 vs 5 Forward
Center Left Wing Right Wing Time % Phy DF OF
1 Parker Kelly Alex Chiasson Nicolas Deslauriers 40 1 2 2
2 Tanner Laczynski Max Comtois Riley Barber 30 1 2 2
3 Filip Hallander Drew O'Connor Sam Poulin 20 1 2 2
4 Semyon Der-Arguchintsev Alex Chiasson Raphael Lavoie 10 1 2 2
5 vs 5 Defense
Defense Defense Time % Phy DF OF
1 Jon Merrill Alec Regula 40 1 2 2
2 Dylan Coghlan Ville Heinola 30 1 2 2
3 Jacob Bernard-Docker Ben Gleason 20 1 2 2
4 Jon Merrill Alec Regula 10 1 2 2
PowerPlay Forward
Center Left Wing Right Wing Time % Phy DF OF
1 Parker Kelly Alex Chiasson Nicolas Deslauriers 60 1 2 2
2 Tanner Laczynski Max Comtois Riley Barber 40 1 2 2
PowerPlay Defense
Defense Defense Time % Phy DF OF
1 Jon Merrill Alec Regula 60 1 2 2
2 Dylan Coghlan Ville Heinola 40 1 2 2
Penalty Kill 4 Players Forward
Center Wing Time % Phy DF OF
1 Alex Chiasson Max Comtois 60 1 2 2
2 Nicolas Deslauriers Riley Barber 40 1 2 2
Penalty Kill 4 Players Defense
Defense Defense Time % Phy DF OF
1 Jon Merrill Alec Regula 60 1 2 2
2 Dylan Coghlan Ville Heinola 40 1 2 2
Penalty Kill - 3 Players Forward
Forward Time % Phy DF OF
1 Alex Chiasson 60 1 2 2
2 Max Comtois 40 1 2 2
Penalty Kill - 3 Players Defense
Defense Defense Time % Phy DF OF
1 Jon Merrill Alec Regula 60 1 2 2
2 Dylan Coghlan Ville Heinola 40 1 2 2
4 vs 4 Forward
Center Wing Time % Phy DF OF
1 Alex Chiasson Max Comtois 60 1 2 2
2 Nicolas Deslauriers Riley Barber 40 1 2 2
4 vs 4 Defense
Defense Defense Time % Phy DF OF
1 Jon Merrill Alec Regula 60 1 2 2
2 Dylan Coghlan Ville Heinola 40 1 2 2
Last Minutes Offensive
Center Left Wing Right Wing Defense Defense
Parker Kelly Alex Chiasson Nicolas Deslauriers Jon Merrill Alec Regula
Last Minutes Defensive
Center Left Wing Right Wing Defense Defense
Parker Kelly Alex Chiasson Nicolas Deslauriers Jon Merrill Alec Regula
Goaltenders
Starting : Louis Domingue
Backup : Dustin Tokarski
Extra Forwards
Normal : Peter Abbandonato, Drew O'Connor, Sam Poulin - PP : Peter Abbandonato, Drew O'Connor - PK : Sam Poulin
Extra Defensemen
Normal : Jacob Bernard-Docker, Ben Gleason, Dylan Coghlan - PP : Jacob Bernard-Docker - PK : Ben Gleason, Dylan Coghlan
Penalty Shots
Alex Chiasson, Max Comtois, Nicolas Deslauriers, Riley Barber, Parker Kelly
Espoo Blues
5 vs 5 Forward
Center Left Wing Right Wing Time % Phy DF OF
1 Derick Brassard Joe Snively Logan O'Connor 39 1 2 2
2 Derek Grant Brendan Lemieux Stefan Noesen 34 1 2 2
3 Fredrik Karlstrom Anton Blidh Patric Hornqvist 21 1 2 2
4 Viktor Lodin Ridly Greig Stefan Noesen 6 1 2 2
5 vs 5 Defense
Defense Defense Time % Phy DF OF
1 Mattias Samuelsson Michael Stone 41 1 2 2
2 Chad Ruhwedel Cam York 32 1 2 2
3 Urho Vaakanainen Gavin Bayreuther 20 1 2 2
4 Mattias Samuelsson Cam York 7 1 2 2
PowerPlay Forward
Center Left Wing Right Wing Time % Phy DF OF
1 Derick Brassard Joe Snively Stefan Noesen 62 1 2 2
2 Derek Grant Brendan Lemieux Patric Hornqvist 38 1 2 2
PowerPlay Defense
Defense Defense Time % Phy DF OF
1 Mattias Samuelsson Michael Stone 60 1 2 2
2 Chad Ruhwedel Cam York 40 1 2 2
Penalty Kill 4 Players Forward
Center Wing Time % Phy DF OF
1 Derek Grant Logan O'Connor 60 1 2 2
2 Derick Brassard Mattias Janmark 40 1 2 2
Penalty Kill 4 Players Defense
Defense Defense Time % Phy DF OF
1 Mattias Samuelsson Michael Stone 60 1 2 2
2 Chad Ruhwedel Cam York 40 1 2 2
Penalty Kill - 3 Players Forward
Forward Time % Phy DF OF
1 Derek Grant 60 1 2 2
2 Derick Brassard 40 1 2 2
Penalty Kill - 3 Players Defense
Defense Defense Time % Phy DF OF
1 Mattias Samuelsson Michael Stone 60 1 2 2
2 Chad Ruhwedel Cam York 40 1 2 2
4 vs 4 Forward
Center Wing Time % Phy DF OF
1 Derek Grant Stefan Noesen 60 1 2 2
2 Derick Brassard Joe Snively 40 1 2 2
4 vs 4 Defense
Defense Defense Time % Phy DF OF
1 Mattias Samuelsson Michael Stone 60 1 2 2
2 Chad Ruhwedel Cam York 40 1 2 2
Last Minutes Offensive
Center Left Wing Right Wing Defense Defense
Derek Grant Joe Snively Stefan Noesen Mattias Samuelsson Michael Stone
Last Minutes Defensive
Center Left Wing Right Wing Defense Defense
Derek Grant Derick Brassard Logan O'Connor Mattias Samuelsson Michael Stone
Goaltenders
Starting : Spencer Knight
Backup : Stuart Skinner
Extra Forwards
Normal : Stefan Noesen, Joe Snively, Derick Brassard - PP : Stefan Noesen, Joe Snively - PK : Logan O'Connor
Extra Defensemen
Normal : Cam York, Mattias Samuelsson, Michael Stone - PP : Michael Stone - PK : Urho Vaakanainen, Gavin Bayreuther
Penalty Shots
Stefan Noesen, Patric Hornqvist, Joe Snively, Brendan Lemieux, Viktor Lodin
% Time on Ice - Newfoundland Shamrocks
Lines # - Real PCT - Wanted PCT - Time Play
Normal Forward
1 - 39% - 40% - 19:08
2 - 28% - 30% - 13:28
3 - 22% - 20% - 10:54
4 - 11% - 10% - 5:15
Normal Defense
1 - 40% - 40% - 19:20
2 - 32% - 30% - 15:25
3 - 25% - 20% - 11:57
4 - 4% - 10% - 2:03
PP Forward
1 - 61% - 60% - 6:14
2 - 39% - 40% - 3:58
PP Defense
1 - 56% - 60% - 5:44
2 - 44% - 40% - 4:28
PK Forward
1 - 75% - 60% - 0:47
2 - 25% - 40% - 0:16
PK Defense
1 - 71% - 60% - 0:45
2 - 29% - 40% - 0:18
PK3 Forward
1 - 0% - 60%
2 - 0% - 40%
PK3 Defense
1 - 0% - 60%
2 - 0% - 40%
44 Forward
1 - 78% - 60% - 3:54
2 - 22% - 40% - 1:06
44 Defense
1 - 60% - 60% - 3:01
2 - 40% - 40% - 1:59
Last Minute Offensive - 0:00
Last Minute Defensive - 0:00
Total
Forward - 65:00
Defense - 65:00
|
% Time on Ice - Espoo Blues
Lines # - Real PCT - Wanted PCT - Time Play
Normal Forward
1 - 29% - 39% - 14:14
2 - 34% - 34% - 16:20
3 - 23% - 21% - 11:09
4 - 14% - 6% - 7:02
Normal Defense
1 - 41% - 41% - 19:56
2 - 32% - 32% - 15:50
3 - 24% - 20% - 11:28
4 - 3% - 7% - 1:31
PP Forward
1 - 73% - 62% - 0:46
2 - 27% - 38% - 0:17
PP Defense
1 - 86% - 60% - 0:54
2 - 14% - 40% - 0:09
PK Forward
1 - 79% - 60% - 8:03
2 - 21% - 40% - 2:09
PK Defense
1 - 61% - 60% - 6:14
2 - 39% - 40% - 3:58
PK3 Forward
1 - 0% - 60%
2 - 0% - 40%
PK3 Defense
1 - 0% - 60%
2 - 0% - 40%
44 Forward
1 - 96% - 60% - 4:47
2 - 4% - 40% - 0:13
44 Defense
1 - 78% - 60% - 3:54
2 - 22% - 40% - 1:06
Last Minute Offensive - 0:00
Last Minute Defensive - 0:00
Total
Forward - 65:00
Defense - 65:00
|
Play-by-Play
1st period
0:01 of 1st period - Parker Kelly wins face-off versus Derick Brassard in neutral zone.
0:53 of 1st period - Chad Ruhwedel is hit by Raphael Lavoie.
0:59 of 1st period - Snap shot by Raphael Lavoie.
0:59 of 1st period - Stopped by Spencer Knight without a rebound.
1:00 of 1st period - Alex Chiasson wins face-off versus Derick Brassard in Espoo Blues zone.
1:13 of 1st period - Wrist shot by Joe Snively.
1:13 of 1st period - Deflect By Alex Chiasson.
1:13 of 1st period - Stopped by Louis Domingue with a rebound.
1:21 of 1st period - Minor Penalty to Alex Chiasson for High sticking.
1:22 of 1st period - Derick Brassard wins face-off versus Sam Poulin in Newfoundland Shamrocks zone.
1:58 of 1st period - Snap shot by Patric Hornqvist.
1:58 of 1st period - Goal by Patric Hornqvist - Newfoundland Shamrocks : 0 - Espoo Blues : 1.
1:59 of 1st period - Parker Kelly wins face-off versus Derek Grant in neutral zone.
2:26 of 1st period - Tanner Laczynski is hit by Anton Blidh and loses puck.
2:33 of 1st period - Slapshot by Michael Stone.
2:33 of 1st period - Deflect By Patric Hornqvist.
2:33 of 1st period - Stopped by Louis Domingue without a rebound.
2:34 of 1st period - Derick Brassard wins face-off versus Filip Hallander in Newfoundland Shamrocks zone.
2:59 of 1st period - Logan O'Connor is hit by Tanner Laczynski and loses puck.
3:45 of 1st period - Snap shot by Brendan Lemieux.
3:45 of 1st period - Stopped by Louis Domingue with a rebound.
3:47 of 1st period - Slapshot by Cam York.
3:47 of 1st period - Stopped by Louis Domingue with a rebound.
3:49 of 1st period - Snap shot by Derek Grant.
3:49 of 1st period - Stopped by Louis Domingue without a rebound.
3:50 of 1st period - Fredrik Karlstrom wins face-off versus Tanner Laczynski in Newfoundland Shamrocks zone.
4:05 of 1st period - Urho Vaakanainen is hit by Alec Regula and loses puck.
5:14 of 1st period - Sam Poulin is hit by Derick Brassard and loses puck.
5:49 of 1st period - Wrist shot by Tanner Laczynski.
5:49 of 1st period - Shot Blocked by Chad Ruhwedel.
5:51 of 1st period - Wrist shot by Riley Barber.
5:51 of 1st period - Shot Blocked by Derick Brassard.
6:20 of 1st period - Parker Kelly is hit by Brendan Lemieux and loses puck.
6:42 of 1st period - Wrist shot by Riley Barber.
6:42 of 1st period - Shot Misses the Net.
6:44 of 1st period - Wrist shot by Dylan Coghlan.
6:44 of 1st period - Shot Blocked by Urho Vaakanainen.
6:46 of 1st period - Snap shot by Max Comtois.
6:46 of 1st period - Stopped by Spencer Knight without a rebound.
6:47 of 1st period - Derick Brassard wins face-off versus Tanner Laczynski in Espoo Blues zone.
6:47 of 1st period - Derick Brassard is hit by Tanner Laczynski.
6:53 of 1st period - Dylan Coghlan is hit by Logan O'Connor.
7:03 of 1st period - Filip Hallander is hit by Patric Hornqvist and loses puck.
7:12 of 1st period - Mattias Samuelsson is hit by Ville Heinola and loses puck.
7:23 of 1st period - Mattias Samuelsson is hit by Nicolas Deslauriers and loses puck.
7:28 of 1st period - Wrist shot by Alex Chiasson.
7:28 of 1st period - Shot Misses the Net.
7:30 of 1st period - Wrist shot by Parker Kelly.
7:30 of 1st period - Stopped by Spencer Knight without a rebound.
7:31 of 1st period - Derek Grant wins face-off versus Parker Kelly in Espoo Blues zone.
7:40 of 1st period - Snap shot by Nicolas Deslauriers.
7:40 of 1st period - Deflect By Alex Chiasson.
7:40 of 1st period - Stopped by Spencer Knight without a rebound.
7:41 of 1st period - Derek Grant wins face-off versus Parker Kelly in Espoo Blues zone.
7:50 of 1st period - Slapshot by Alex Chiasson.
7:50 of 1st period - Shot Misses the Net.
7:52 of 1st period - Slapshot by Jon Merrill.
7:52 of 1st period - Stopped by Spencer Knight without a rebound.
7:53 of 1st period - Derick Brassard wins face-off versus Parker Kelly in Espoo Blues zone.
8:02 of 1st period - Wrist shot by Joe Snively.
8:02 of 1st period - Shot Blocked by Alec Regula.
9:06 of 1st period - Snap shot by Alex Chiasson.
9:06 of 1st period - Shot Blocked by Stefan Noesen.
9:08 of 1st period - Snap shot by Raphael Lavoie.
9:08 of 1st period - Stopped by Spencer Knight with a rebound.
10:03 of 1st period - Minor Penalty to Logan O'Connor for Holding.
10:04 of 1st period - Parker Kelly wins face-off versus Derek Grant in Espoo Blues zone.
10:04 of 1st period - Snap shot by Alex Chiasson.
10:04 of 1st period - Deflect By Parker Kelly.
10:04 of 1st period - Shot Misses the Net.
10:04 of 1st period - Puck is out of play.
10:05 of 1st period - Derek Grant wins face-off versus Parker Kelly in Espoo Blues zone.
10:14 of 1st period - Snap shot by Parker Kelly.
10:14 of 1st period - Shot Blocked by Michael Stone.
10:16 of 1st period - Snap shot by Nicolas Deslauriers.
10:16 of 1st period - Stopped by Spencer Knight with a rebound.
10:18 of 1st period - Snap shot by Alex Chiasson.
10:18 of 1st period - Shot Misses the Net.
10:20 of 1st period - Slapshot by Jon Merrill.
10:20 of 1st period - Goal by Jon Merrill - Newfoundland Shamrocks : 1 - Espoo Blues : 1.
10:21 of 1st period - Derick Brassard wins face-off versus Parker Kelly in neutral zone.
10:21 of 1st period - Joe Snively is hit by Parker Kelly and loses puck.
10:32 of 1st period - Snap shot by Joe Snively.
10:32 of 1st period - Stopped by Louis Domingue with a rebound.
10:34 of 1st period - Slapshot by Michael Stone.
10:34 of 1st period - Stopped by Louis Domingue with a rebound.
10:36 of 1st period - Wrist shot by Derick Brassard.
10:36 of 1st period - Stopped by Louis Domingue with a rebound.
10:57 of 1st period - Slapshot by Max Comtois.
10:57 of 1st period - Shot Blocked by Michael Stone.
11:30 of 1st period - Wrist shot by Alex Chiasson.
11:30 of 1st period - Stopped by Spencer Knight with a rebound.
11:32 of 1st period - Backhand shot by Parker Kelly.
11:32 of 1st period - Shot Blocked by Mattias Samuelsson.
11:34 of 1st period - Snap shot by Alex Chiasson.
11:34 of 1st period - Stopped by Spencer Knight without a rebound.
11:35 of 1st period - Derick Brassard wins face-off versus Parker Kelly in Espoo Blues zone.
11:48 of 1st period - Wrist shot by Derick Brassard.
11:48 of 1st period - Stopped by Louis Domingue with a rebound.
12:03 of 1st period - Minor Penalty to Logan O'Connor for Hooking.
12:04 of 1st period - Derek Grant wins face-off versus Tanner Laczynski in Espoo Blues zone.
14:03 of 1st period - Penalty to Logan O'Connor is over, Logan O'Connor is back on ice.
14:06 of 1st period - Off-side.
14:07 of 1st period - Fredrik Karlstrom wins face-off versus Filip Hallander in neutral zone.
14:32 of 1st period - Drew O'Connor is hit by Stefan Noesen and loses puck.
14:41 of 1st period - Wrist shot by Sam Poulin.
14:41 of 1st period - Shot Misses the Net.
15:10 of 1st period - Wrist shot by Sam Poulin.
15:10 of 1st period - Shot Misses the Net.
15:14 of 1st period - Slapshot by Riley Barber.
15:14 of 1st period - Stopped by Spencer Knight with a rebound.
15:16 of 1st period - Snap shot by Max Comtois.
15:16 of 1st period - Stopped by Spencer Knight with a rebound.
15:18 of 1st period - Snap shot by Max Comtois.
15:18 of 1st period - Stopped by Spencer Knight without a rebound.
15:19 of 1st period - Parker Kelly wins face-off versus Derek Grant in Espoo Blues zone.
15:29 of 1st period - Off-side.
15:30 of 1st period - Derek Grant wins face-off versus Nicolas Deslauriers in neutral zone.
15:33 of 1st period - Alex Chiasson is hit by Stefan Noesen and loses puck.
15:53 of 1st period - Icing by Jon Merrill.
15:54 of 1st period - Derick Brassard wins face-off versus Parker Kelly in Newfoundland Shamrocks zone.
16:07 of 1st period - Wrist shot by Riley Barber.
16:07 of 1st period - Shot Misses the Net.
16:09 of 1st period - Minor Penalty to Mattias Samuelsson for Hooking.
16:10 of 1st period - Derek Grant wins face-off versus Parker Kelly in Espoo Blues zone.
16:19 of 1st period - Logan O'Connor is hit by Jon Merrill and loses puck.
16:46 of 1st period - Wrist shot by Derick Brassard.
16:46 of 1st period - Stopped by Louis Domingue without a rebound.
16:47 of 1st period - Parker Kelly wins face-off versus Derek Grant in Newfoundland Shamrocks zone.
18:09 of 1st period - Penalty to Mattias Samuelsson is over, Mattias Samuelsson is back on ice.
18:20 of 1st period - Mattias Samuelsson is hit by Drew O'Connor and loses puck.
18:52 of 1st period - Snap shot by Patric Hornqvist.
18:52 of 1st period - Stopped by Louis Domingue without a rebound.
18:53 of 1st period - Filip Hallander wins face-off versus Viktor Lodin in Newfoundland Shamrocks zone.
19:18 of 1st period - Max Comtois is hit by Fredrik Karlstrom.
Goals for this period are 1 for Newfoundland Shamrocks vs 1 for Espoo Blues.
Shots for this period are 13 for Newfoundland Shamrocks vs 12 for Espoo Blues.
2nd period
0:01 of 2nd period - Derick Brassard wins face-off versus Parker Kelly in neutral zone.
0:26 of 2nd period - Tanner Laczynski is hit by Stefan Noesen and loses puck.
0:50 of 2nd period - Wrist shot by Derek Grant.
0:50 of 2nd period - Stopped by Louis Domingue with a rebound.
0:52 of 2nd period - Wrist shot by Derek Grant.
0:52 of 2nd period - Stopped by Louis Domingue with a rebound.
0:54 of 2nd period - Slapshot by Chad Ruhwedel.
0:54 of 2nd period - Shot Misses the Net.
0:56 of 2nd period - Slapshot by Stefan Noesen.
0:56 of 2nd period - Deflect By Derek Grant.
0:56 of 2nd period - Shot Misses the Net.
0:56 of 2nd period - Puck is out of play.
0:57 of 2nd period - Parker Kelly wins face-off versus Derick Brassard in Newfoundland Shamrocks zone.
0:57 of 2nd period - Parker Kelly is hit by Derick Brassard.
1:12 of 2nd period - Wrist shot by Logan O'Connor.
1:12 of 2nd period - Deflect By Alex Chiasson.
1:12 of 2nd period - Shot Blocked by Jon Merrill.
1:12 of 2nd period - Puck is out of play.
1:13 of 2nd period - Sam Poulin wins face-off versus Fredrik Karlstrom in Newfoundland Shamrocks zone.
1:24 of 2nd period - Snap shot by Drew O'Connor.
1:24 of 2nd period - Stopped by Spencer Knight with a rebound.
1:38 of 2nd period - Jon Merrill is hit by Joe Snively and loses puck.
1:47 of 2nd period - Slapshot by Derick Brassard.
1:47 of 2nd period - Shot Misses the Net.
2:21 of 2nd period - Ville Heinola is hit by Fredrik Karlstrom and loses puck.
2:29 of 2nd period - Icing by Dylan Coghlan.
2:30 of 2nd period - Derick Brassard wins face-off versus Semyon Der-Arguchintsev in Newfoundland Shamrocks zone.
2:31 of 2nd period - Slapshot by Logan O'Connor.
2:31 of 2nd period - Shot Misses the Net.
2:33 of 2nd period - Snap shot by Derick Brassard.
2:33 of 2nd period - Shot Misses the Net.
2:35 of 2nd period - Snap shot by Logan O'Connor.
2:35 of 2nd period - Shot Misses the Net.
2:37 of 2nd period - Slapshot by Michael Stone.
2:37 of 2nd period - Deflect By Joe Snively.
2:37 of 2nd period - Shot Blocked by Dylan Coghlan.
2:37 of 2nd period - Puck is out of play.
2:38 of 2nd period - Tanner Laczynski wins face-off versus Derick Brassard in Newfoundland Shamrocks zone.
2:38 of 2nd period - Tanner Laczynski is hit by Joe Snively.
2:44 of 2nd period - Michael Stone is hit by Riley Barber and loses puck.
2:49 of 2nd period - Snap shot by Riley Barber.
2:49 of 2nd period - Shot Misses the Net.
2:51 of 2nd period - Slapshot by Riley Barber.
2:51 of 2nd period - Stopped by Spencer Knight with a rebound.
3:03 of 2nd period - Michael Stone is hit by Alex Chiasson and loses puck.
3:11 of 2nd period - Off-side.
3:12 of 2nd period - Tanner Laczynski wins face-off versus Derek Grant in neutral zone.
3:14 of 2nd period - Off-side.
3:15 of 2nd period - Tanner Laczynski wins face-off versus Derek Grant in neutral zone.
4:09 of 2nd period - Minor Penalty to Michael Stone for Hooking.
4:10 of 2nd period - Derek Grant wins face-off versus Parker Kelly in Espoo Blues zone.
5:44 of 2nd period - Urho Vaakanainen is hit by Parker Kelly and loses puck.
6:09 of 2nd period - Penalty to Michael Stone is over, Michael Stone is back on ice.
6:20 of 2nd period - Stefan Noesen is hit by Jon Merrill.
6:24 of 2nd period - Filip Hallander is hit by Cam York and loses puck.
6:37 of 2nd period - Raphael Lavoie is hit by Fredrik Karlstrom and loses puck.
7:29 of 2nd period - Minor Penalty to Logan O'Connor for Hooking.
7:30 of 2nd period - Derek Grant wins face-off versus Parker Kelly in Espoo Blues zone.
7:30 of 2nd period - Derek Grant is hit by Nicolas Deslauriers.
7:42 of 2nd period - Derek Grant is hit by Nicolas Deslauriers and loses puck.
7:55 of 2nd period - Wrist shot by Tanner Laczynski.
7:55 of 2nd period - Shot Misses the Net.
8:03 of 2nd period - Mattias Samuelsson is hit by Max Comtois and loses puck.
8:44 of 2nd period - Chad Ruhwedel is hit by Max Comtois and loses puck.
9:29 of 2nd period - Penalty to Logan O'Connor is over, Logan O'Connor is back on ice.
10:15 of 2nd period - Slapshot by Sam Poulin.
10:15 of 2nd period - Shot Misses the Net.
10:17 of 2nd period - Wrist shot by Sam Poulin.
10:17 of 2nd period - Shot Misses the Net.
10:19 of 2nd period - Slapshot by Drew O'Connor.
10:19 of 2nd period - Stopped by Spencer Knight with a rebound.
10:21 of 2nd period - Snap shot by Sam Poulin.
10:21 of 2nd period - Goal by Sam Poulin - Newfoundland Shamrocks : 2 - Espoo Blues : 1.
10:22 of 2nd period - Derick Brassard wins face-off versus Parker Kelly in neutral zone.
10:37 of 2nd period - Logan O'Connor is hit by Alex Chiasson and loses puck.
10:54 of 2nd period - Chad Ruhwedel is hit by Max Comtois.
10:57 of 2nd period - Off-side.
10:58 of 2nd period - Fredrik Karlstrom wins face-off versus Tanner Laczynski in neutral zone.
11:11 of 2nd period - Wrist shot by Patric Hornqvist.
11:11 of 2nd period - Shot Blocked by Ville Heinola.
11:13 of 2nd period - Wrist shot by Fredrik Karlstrom.
11:13 of 2nd period - Stopped by Louis Domingue with a rebound.
11:15 of 2nd period - Wrist shot by Anton Blidh.
11:15 of 2nd period - Stopped by Louis Domingue with a rebound.
11:17 of 2nd period - Slapshot by Cam York.
11:17 of 2nd period - Deflect By Anton Blidh.
11:17 of 2nd period - Stopped by Louis Domingue without a rebound.
11:18 of 2nd period - Derek Grant wins face-off versus Parker Kelly in Newfoundland Shamrocks zone.
11:23 of 2nd period - Snap shot by Brendan Lemieux.
11:23 of 2nd period - Stopped by Louis Domingue with a rebound.
11:30 of 2nd period - Off-side.
11:31 of 2nd period - Derick Brassard wins face-off versus Parker Kelly in neutral zone.
11:56 of 2nd period - Parker Kelly is hit by Fredrik Karlstrom and loses puck.
12:16 of 2nd period - Parker Kelly beats up Derek Grant.
12:16 of 2nd period - Penalty to Derek Grant for Fighting.
12:16 of 2nd period - Penalty to Parker Kelly for Fighting.
12:17 of 2nd period - Tanner Laczynski wins face-off versus Derick Brassard in Newfoundland Shamrocks zone.
12:32 of 2nd period - Wrist shot by Riley Barber.
12:32 of 2nd period - Shot Misses the Net.
12:42 of 2nd period - Michael Stone is hit by Ville Heinola and loses puck.
12:55 of 2nd period - Snap shot by Derick Brassard.
12:55 of 2nd period - Stopped by Louis Domingue with a rebound.
12:57 of 2nd period - Snap shot by Derick Brassard.
12:57 of 2nd period - Shot Misses the Net.
12:59 of 2nd period - Slapshot by Chad Ruhwedel.
12:59 of 2nd period - Stopped by Louis Domingue with a rebound.
13:01 of 2nd period - Slapshot by Cam York.
13:01 of 2nd period - Shot Hit the Post.
13:03 of 2nd period - Wrist shot by Chad Ruhwedel.
13:03 of 2nd period - Stopped by Louis Domingue without a rebound.
13:04 of 2nd period - Tanner Laczynski wins face-off versus Mattias Janmark in Newfoundland Shamrocks zone.
13:26 of 2nd period - Icing by Mattias Samuelsson.
13:27 of 2nd period - Mattias Janmark wins face-off versus Drew O'Connor in Espoo Blues zone.
14:01 of 2nd period - Snap shot by Drew O'Connor.
14:01 of 2nd period - Stopped by Spencer Knight with a rebound.
14:03 of 2nd period - Snap shot by Sam Poulin.
14:03 of 2nd period - Shot Blocked by Chad Ruhwedel.
14:05 of 2nd period - Snap shot by Ville Heinola.
14:05 of 2nd period - Stopped by Spencer Knight without a rebound.
14:06 of 2nd period - Fredrik Karlstrom wins face-off versus Peter Abbandonato in Espoo Blues zone.
14:40 of 2nd period - Snap shot by Joe Snively.
14:40 of 2nd period - Stopped by Louis Domingue with a rebound.
15:13 of 2nd period - Slapshot by Alec Regula.
15:13 of 2nd period - Stopped by Spencer Knight with a rebound.
16:14 of 2nd period - Snap shot by Stefan Noesen.
16:14 of 2nd period - Shot Misses the Net.
16:31 of 2nd period - Gavin Bayreuther is hit by Max Comtois and loses puck.
17:12 of 2nd period - Mattias Samuelsson is hit by Sam Poulin and loses puck.
17:54 of 2nd period - Alec Regula is hit by Michael Stone.
18:04 of 2nd period - Viktor Lodin is hit by Filip Hallander.
19:05 of 2nd period - Max Comtois is hit by Ridly Greig.
19:27 of 2nd period - Chad Ruhwedel is hit by Raphael Lavoie and loses puck.
Goals for this period are 1 for Newfoundland Shamrocks vs 0 for Espoo Blues.
Shots for this period are 7 for Newfoundland Shamrocks vs 10 for Espoo Blues.
3rd period
0:01 of 3rd period - Parker Kelly wins face-off versus Derick Brassard in neutral zone.
0:01 of 3rd period - Nicolas Deslauriers is hit by Derick Brassard and loses puck.
0:34 of 3rd period - Snap shot by Max Comtois.
0:34 of 3rd period - Shot Misses the Net.
0:44 of 3rd period - Wrist shot by Drew O'Connor.
0:44 of 3rd period - Shot Misses the Net.
0:46 of 3rd period - Snap shot by Filip Hallander.
0:46 of 3rd period - Stopped by Spencer Knight with a rebound.
0:48 of 3rd period - Slapshot by Sam Poulin.
0:48 of 3rd period - Shot Misses the Net.
0:50 of 3rd period - Slapshot by Dylan Coghlan.
0:50 of 3rd period - Stopped by Spencer Knight without a rebound.
0:51 of 3rd period - Logan O'Connor wins face-off versus Parker Kelly in Espoo Blues zone.
1:16 of 3rd period - Max Comtois is hit by Fredrik Karlstrom and loses puck.
1:21 of 3rd period - Wrist shot by Anton Blidh.
1:21 of 3rd period - Goal by Anton Blidh - Newfoundland Shamrocks : 2 - Espoo Blues : 2.
1:22 of 3rd period - Parker Kelly wins face-off versus Derek Grant in neutral zone.
1:27 of 3rd period - Slapshot by Parker Kelly.
1:27 of 3rd period - Shot Blocked by Mattias Samuelsson.
1:29 of 3rd period - Snap shot by Nicolas Deslauriers.
1:29 of 3rd period - Goal by Nicolas Deslauriers - Newfoundland Shamrocks : 3 - Espoo Blues : 2.
1:30 of 3rd period - Joe Snively wins face-off versus Parker Kelly in neutral zone.
1:35 of 3rd period - Snap shot by Logan O'Connor.
1:35 of 3rd period - Shot Misses the Net.
1:37 of 3rd period - Wrist shot by Joe Snively.
1:37 of 3rd period - Stopped by Louis Domingue without a rebound.
1:38 of 3rd period - Derick Brassard wins face-off versus Parker Kelly in Newfoundland Shamrocks zone.
2:07 of 3rd period - Snap shot by Max Comtois.
2:07 of 3rd period - Shot Misses the Net.
2:46 of 3rd period - Slapshot by Viktor Lodin.
2:46 of 3rd period - Stopped by Louis Domingue with a rebound.
2:50 of 3rd period - Snap shot by Stefan Noesen.
2:50 of 3rd period - Stopped by Louis Domingue with a rebound.
3:02 of 3rd period - Wrist shot by Alex Chiasson.
3:02 of 3rd period - Stopped by Spencer Knight with a rebound.
3:04 of 3rd period - Snap shot by Parker Kelly.
3:04 of 3rd period - Stopped by Spencer Knight with a rebound.
3:14 of 3rd period - Snap shot by Riley Barber.
3:14 of 3rd period - Stopped by Spencer Knight with a rebound.
3:30 of 3rd period - Wrist shot by Drew O'Connor.
3:30 of 3rd period - Stopped by Spencer Knight with a rebound.
3:40 of 3rd period - Snap shot by Patric Hornqvist.
3:40 of 3rd period - Deflect By Anton Blidh.
3:40 of 3rd period - Stopped by Louis Domingue without a rebound.
3:41 of 3rd period - Tanner Laczynski wins face-off versus Derick Brassard in Newfoundland Shamrocks zone.
3:52 of 3rd period - Wrist shot by Riley Barber.
3:52 of 3rd period - Stopped by Spencer Knight with a rebound.
3:54 of 3rd period - Wrist shot by Max Comtois.
3:54 of 3rd period - Shot Blocked by Derick Brassard.
3:56 of 3rd period - Snap shot by Tanner Laczynski.
3:56 of 3rd period - Stopped by Spencer Knight without a rebound.
3:57 of 3rd period - Derek Grant wins face-off versus Parker Kelly in Espoo Blues zone.
3:57 of 3rd period - Derek Grant is hit by Jon Merrill.
4:52 of 3rd period - Wrist shot by Drew O'Connor.
4:52 of 3rd period - Stopped by Spencer Knight with a rebound.
6:49 of 3rd period - Jon Merrill is hit by Stefan Noesen and loses puck.
7:02 of 3rd period - Slapshot by Alex Chiasson.
7:02 of 3rd period - Stopped by Spencer Knight with a rebound.
7:14 of 3rd period - Wrist shot by Patric Hornqvist.
7:14 of 3rd period - Shot Misses the Net.
7:16 of 3rd period - Wrist shot by Cam York.
7:16 of 3rd period - Stopped by Louis Domingue with a rebound.
7:18 of 3rd period - Snap shot by Anton Blidh.
7:18 of 3rd period - Stopped by Louis Domingue with a rebound.
7:40 of 3rd period - Viktor Lodin is hit by Parker Kelly and loses puck.
8:03 of 3rd period - Urho Vaakanainen is hit by Sam Poulin and loses puck.
8:12 of 3rd period - Minor Penalty to Sam Poulin for Hooking.
8:13 of 3rd period - Alex Chiasson wins face-off versus Derick Brassard in Newfoundland Shamrocks zone.
8:18 of 3rd period - Snap shot by Max Comtois.
8:18 of 3rd period - Stopped by Spencer Knight without a rebound.
8:19 of 3rd period - Derick Brassard wins face-off versus Alex Chiasson in Espoo Blues zone.
8:28 of 3rd period - Snap shot by Derick Brassard.
8:28 of 3rd period - Stopped by Louis Domingue with a rebound.
8:30 of 3rd period - Slapshot by Michael Stone.
8:30 of 3rd period - Stopped by Louis Domingue without a rebound.
8:31 of 3rd period - Stefan Noesen wins face-off versus Alex Chiasson in Newfoundland Shamrocks zone.
8:32 of 3rd period - Snap shot by Derick Brassard.
8:32 of 3rd period - Shot Misses the Net.
8:38 of 3rd period - Backhand shot by Stefan Noesen.
8:38 of 3rd period - Goal by Stefan Noesen - Newfoundland Shamrocks : 3 - Espoo Blues : 3.
8:39 of 3rd period - Derek Grant wins face-off versus Parker Kelly in neutral zone.
8:45 of 3rd period - Brendan Lemieux and Parker Kelly fight to a draw.
8:45 of 3rd period - Penalty to Brendan Lemieux for Fighting.
8:45 of 3rd period - Penalty to Parker Kelly for Fighting.
8:46 of 3rd period - Peter Abbandonato wins face-off versus Derek Grant in Newfoundland Shamrocks zone.
8:46 of 3rd period - Peter Abbandonato is hit by Michael Stone.
9:00 of 3rd period - Nicolas Deslauriers beats up Stefan Noesen.
9:00 of 3rd period - Penalty to Stefan Noesen for Fighting.
9:00 of 3rd period - Penalty to Nicolas Deslauriers for Fighting.
9:00 of 3rd period - Penalty to Stefan Noesen for instigated a fight.
9:00 of 3rd period - Penalty to Stefan Noesen for instigated a fight.
9:01 of 3rd period - Peter Abbandonato wins face-off versus Derek Grant in Espoo Blues zone.
9:06 of 3rd period - Wrist shot by Alex Chiasson.
9:06 of 3rd period - Stopped by Spencer Knight without a rebound.
9:07 of 3rd period - Derek Grant wins face-off versus Peter Abbandonato in Espoo Blues zone.
9:18 of 3rd period - Derek Grant is hit by Alec Regula.
11:00 of 3rd period - Penalty to Stefan Noesen is over, Logan O'Connor is send on ice.
12:39 of 3rd period - Max Comtois is hit by Gavin Bayreuther and loses puck.
12:54 of 3rd period - Patric Hornqvist is hit by Ben Gleason and loses puck.
14:16 of 3rd period - Cam York is hit by Parker Kelly and loses puck.
14:52 of 3rd period - Derick Brassard is hit by Alex Chiasson and loses puck.
15:48 of 3rd period - Icing by Derick Brassard.
15:49 of 3rd period - Parker Kelly wins face-off versus Joe Snively in Espoo Blues zone.
15:54 of 3rd period - Snap shot by Parker Kelly.
15:54 of 3rd period - Shot Misses the Net.
15:56 of 3rd period - Slapshot by Alec Regula.
15:56 of 3rd period - Shot Blocked by Mattias Samuelsson.
15:58 of 3rd period - Backhand shot by Peter Abbandonato.
15:58 of 3rd period - Shot Misses the Net.
17:33 of 3rd period - Brendan Lemieux is hit by Nicolas Deslauriers and loses puck.
19:44 of 3rd period - Fredrik Karlstrom is hit by Sam Poulin and loses puck.
Goals for this period are 1 for Newfoundland Shamrocks vs 2 for Espoo Blues.
Shots for this period are 13 for Newfoundland Shamrocks vs 10 for Espoo Blues.
Overtime #1
0:01 of 1st overtime period - Derek Grant wins face-off versus Alex Chiasson in neutral zone.
0:16 of 1st overtime period - Wrist shot by Max Comtois.
0:16 of 1st overtime period - Shot Misses the Net.
0:44 of 1st overtime period - Snap shot by Mattias Janmark.
0:44 of 1st overtime period - Stopped by Louis Domingue with a rebound.
0:46 of 1st overtime period - Slapshot by Mattias Samuelsson.
0:46 of 1st overtime period - Stopped by Louis Domingue with a rebound.
1:36 of 1st overtime period - Joe Snively is hit by Sam Poulin and loses puck.
2:02 of 1st overtime period - Chad Ruhwedel is hit by Nicolas Deslauriers and loses puck.
4:00 of 1st overtime period - 10 Minutes Misconduct Penalty to Stefan Noesen is over.
4:00 of 1st overtime period - Icing by Ville Heinola.
4:01 of 1st overtime period - Peter Abbandonato wins face-off versus Mattias Janmark in Newfoundland Shamrocks zone.
4:25 of 1st overtime period - Ville Heinola is hit by Stefan Noesen and loses puck.
Goals for this period are 0 for Newfoundland Shamrocks vs 0 for Espoo Blues.
Shots for this period are 0 for Newfoundland Shamrocks vs 2 for Espoo Blues.
ShootOut
5:00 of 1st overtime period - Round #1.
5:00 of 1st overtime period - Newfoundland Shamrocks, Alex Chiasson.
5:00 of 1st overtime period - Deke by Alex Chiasson.
5:00 of 1st overtime period - Shot Misses the Net.
5:00 of 1st overtime period - Espoo Blues, Stefan Noesen.
5:00 of 1st overtime period - Wrist shot by Stefan Noesen.
5:00 of 1st overtime period - Goal by Stefan Noesen.
5:00 of 1st overtime period - Round #2.
5:00 of 1st overtime period - Newfoundland Shamrocks, Max Comtois.
5:00 of 1st overtime period - Snap shot by Max Comtois.
5:00 of 1st overtime period - Stopped by Spencer Knight.
5:00 of 1st overtime period - Espoo Blues, Patric Hornqvist.
5:00 of 1st overtime period - Wrist shot by Patric Hornqvist.
5:00 of 1st overtime period - Shot Misses the Net.
5:00 of 1st overtime period - Round #3.
5:00 of 1st overtime period - Newfoundland Shamrocks, Nicolas Deslauriers.
5:00 of 1st overtime period - Wrist shot by Nicolas Deslauriers.
5:00 of 1st overtime period - Stopped by Spencer Knight.
Back to the Top